 Dungeon Crawl Stone Soup version 0.31-a0-229-g1fc7ce9 (webtiles) character file.

Game seed: 3500870536207733528

243 Dawnplanks the Gusty (level 6, -3/33 HPs)
             Began as a Tengu Air Elementalist on July 6, 2023.
             Slain by a scorpion (6 damage)
             ... on level 3 of the Dungeon.
             The game lasted 00:04:00 (2644 turns).

Dawnplanks the Gusty (Tengu Air Elementalist)       Turns: 2644, Time: 00:04:01

Health: -3/33      AC:  3    Str:  8    XL:     6   Next: 9%
Magic:  12/12      EV: 15    Int: 18    God:
Gold:   117        SH:  0    Dex: 14    Spells: 11/12 levels left

rFire   . . .        h - +1 falchion (heavy)
rCold   . . .        (no shield)
rNeg    . . .        a - +0 robe
rPois   .            (helmet restricted)
rElec   .            (no cloak)
rCorr   .            k - +0 pair of gloves
SInv    .            (boots unavailable)
Will    .....        m - amulet of magic regeneration
Stlth   ++           (no ring)
HPRegen 0.25/turn    (no ring)
MPRegen 0.53/turn

%: no passive effects
@: lethally poisoned (-3 -> -9), flying quickly and evasively, quick
A: beak, talons 3, nimble flight
a: no special abilities


You were on level 3 of the Dungeon.
You visited 1 branch of the dungeon, and saw 3 of its levels.

You collected 117 gold pieces.

Inventory:

Hand Weapons
 g - a +0 dagger of draining
 h - a +1 heavy falchion (weapon)
Missiles
 o - a throwing net
Armour
 a - a +0 robe (worn)
 k - a +0 pair of gloves (worn)
Jewellery
 m - an amulet of magic regeneration (around neck)
Scrolls
 c - 2 scrolls of identify {unknown}
 d - a scroll of fear {unknown}
 e - a scroll of brand weapon {unknown}
 i - a scroll of teleportation {unknown}
 j - a scroll of poison {unknown}
 n - 2 scrolls of revelation {unknown}
Potions
 b - a potion of magic
 f - a potion of degeneration {unknown}
 l - a potion of resistance {unknown}
 p - 2 potions of ambrosia {unknown}


   Skills:
 + Level 0.4 Fighting
 + Level 0.5 Long Blades
 + Level 2.5 Dodging
 - Level 2.3 Stealth
 + Level 3.6 Spellcasting
 + Level 3.3 Conjurations
 + Level 6.1 Air Magic


You had 11 spell levels left.
You knew the following spells:

 Your Spells              Type           Power      Damage    Failure   Level
a - Shock                 Conj/Air       80%        1d8       2%          1

Your spell library contained the following spells:

 Spells                   Type           Power      Damage    Failure   Level
 Static Discharge         Conj/Air       40%        2-4/arc   3%          2
 Swiftness                Air            25%        N/A       3%          3
 Airstrike                Air            12%        2d(2-18)  12%         4
 Leda's Liquefaction      Hex/Erth       1%         N/A       83%         4
 Lee's Rapid Deconstruct  Erth           1%         3d4*      99%         5
 Leda's Unmaking          Conj/Erth      4%         9d2       100%        6
 Statue Form              Tmut/Erth      2%         N/A       100%        6


Dungeon Overview and Level Annotations

Branches:
Dungeon (3/15)

Altars:
Ashenzari
Ru


Innate Abilities, Weirdness & Mutations

You have a beak for a mouth.
You have claws for feet.
Your magical nature lets you fly swiftly and evasively.


Message History

An endoplasm is nearby!
The zap hits the endoplasm.
You kill the endoplasm!
Found a stone staircase leading down.
There is an open door here.
Found 4 boomerangs.
A scorpion comes into view.
The zap hits the scorpion!
The scorpion is heavily wounded.
The zap hits the scorpion.
The scorpion is heavily wounded.
The zap hits the scorpion.
The scorpion is severely wounded.
The zap hits the scorpion.
The scorpion is almost dead.
You closely miss the scorpion. Your peck misses the scorpion.
The scorpion is almost dead.
The scorpion stings you.
You are poisoned.
The scorpion poisons you! The scorpion closely misses you.
You hit the scorpion but do no damage.
You claw the scorpion, but do no damage.
The scorpion is almost dead.
You feel very sick. The scorpion stings you. The scorpion stings you!
You are lethally poisoned!
The scorpion poisons you! The scorpion misses you.
You are too injured to fight recklessly!
You barely miss the scorpion. Your peck misses the scorpion.
The scorpion is almost dead.
* * * LOW HITPOINT WARNING * * *
You feel extremely sick. The scorpion misses you.
The scorpion closely misses you.
Unknown command.
You closely miss the scorpion. Your kick misses the scorpion.
The scorpion is almost dead.
* * * LOW HITPOINT WARNING * * *
You feel very sick. The scorpion stings you.
You die...

###.......#.#....#'######..
#######.#.####....# #..
#.#...##..#.#####..
#.###.##..#.#......
#.....##..#.#.###..
########....#.# #..
#########.....##.# #..
..#................# #..
.......@........#### #..
......s..........# #..
.................# ###..
.................# #†...
.......(.........###....
.....#...###............
..####...# #....###....÷ ..
#######....# ##....
.........# #.÷..


You could see a scorpion.

Vanquished Creatures
  A scorpion (D:3)
  An orc priest (D:3)
  3 adders (D:2)
  4 gnolls (D:3)
  A dart slug (D:3)
  4 orcs (D:3)
  5 ball pythons
  4 bats
  7 endoplasms
  4 giant cockroaches
  8 goblins
  8 hobgoblins
  8 jackals
  5 kobolds (D:1)
  A quokka (D:3)
  8 frilled lizards
  8 rats
80 creatures vanquished.

Notes
Turn   | Place    | Note
-------+----------+-------------------------------------------
     0 | D:1      | Dawnplanks the Tengu Air Elementalist began the quest for
                  | the Orb.
     0 | D:1      | Reached XP level 1. HP: 10/10 MP: 4/4
   129 | D:1      | Reached XP level 2. HP: 15/15 MP: 3/6
   602 | D:1      | Reached XP level 3. HP: 19/19 MP: 2/7
  1524 | D:2      | Reached skill level 5 in Air Magic
  1524 | D:2      | Reached XP level 4. HP: 24/24 MP: 6/9
  1915 | D:3      | Found a sacrificial altar of Ru.
  1922 | D:3      | Noticed a scorpion
  1935 | D:3      | Killed a scorpion
  1936 | D:3      | Gained mutation: Your magical nature lets you fly swiftly
                  | and evasively. [Tengu growth]
  1936 | D:3      | Reached XP level 5. HP: 20/28 MP: 4/11
  2411 | D:3      | Reached skill level 6 in Air Magic
  2411 | D:3      | Reached XP level 6. HP: 33/33 MP: 9/12
  2515 | D:3      | Found a broken altar of Ashenzari.
  2644 | D:3      | Slain by a scorpion

Illustrated notes

Levels and vault maps discovered:
D:1:      dpeg_arrival_short_road, layout_loops_cross, columned_hall_lemuel
D:2:      layout_basic, minmay_tall_x
D:3:      layout_basic, lemuel_round_altar, nicolae_ru_sacrificial_ziggurat

Skill      XL: |  1  2  3  4  5 |
---------------+----------------+-----
Conjurations   | 2 3 |  3.3
Air Magic      | 5 6 |  6.1
Spellcasting   | 3 |  3.6
Fighting       | |  0.4
Long Blades    | |  0.5
Dodging        | |  2.5
Stealth        | |  2.3

Action                     |  1- 3 |  4- 6 || total
---------------------------+-------+-------++-------
  Melee: Falchion          |     1 |     5 ||     6
         Kick              |       |     1 ||     1
   Cast: Shock             |    71 |    77 ||   148
 Armour: Robe              |     2 |     2 ||     4
  Dodge: Dodged            |     6 |    13 ||    19

Table legend: (Time is in decaauts)
 A = Elapsed time spent in this place.
 B = Non-inter-level travel time spent in this place.
 C = Inter-level travel time spent in this place.
 D = Time resting spent in this place.
 E = Time spent auto-exploring this place.
 F = Levels seen in this place.
 G = Mean time per level.
                   A        B        C        D        E       F      G
               +--------+--------+--------+--------+--------+-----+--------+
         Total |   2597 |   2534 |     63 |      0 |   2222 |   3 |  865.7 |
       Dungeon |   2597 |   2534 |     63 |      0 |   2222 |   3 |  865.7 |
               +--------+--------+--------+--------+--------+-----+--------+

Top non-repeatable levels by time:
     D:1: 1248 daAuts
     D:3: 697 daAuts
     D:2: 651 daAuts
